AoeStats
← ASTHAROTH

Nomad

509673574Analyzed
2v2 RM · 6d ago on Sep 27, 2026· 60m 42s· 4 players
Game mode
Random Map
Map size
176×176
Population
200
Speed
Normal
Resources
Standard
Victory
Conquest
Starting age
Dark Age
Ending age
Imperial Age
RankedLock teamsTeams togetherTeam positionsShared explorationLock speedFull tech treeHidden civsTurbo modeCheats
Victory
Defeat
🇪🇸 Franks · Spain
626
+17
🇮🇳 Celts · India
618
+17
🇫🇷 Vikings · France
645
-32
🇨🇴 Burgundians · Colombia
640
-17
neville_longbottom
18:23 Feudal Age
20:31 Fishing Lines
29:06 Castle Age
29:40 Man-at-Arms
30:06 Gambesons
30:07 Arson
29:44 Pikeman
31:36 Double-Bit Axe
31:48 Crossbowman
32:38 Long Swordsman
47:17 Wheelbarrow
46:28 Town Watch
47:22 Scale Mail Armor
47:33 Forging
49:59 Imperial Age
47:31 Town Watch
48:21 Wheelbarrow
49:52 Fortified Wall
49:39 Murder Holes
51:19 Chain Mail Armor
51:40 Iron Casting
55:29 Imperial Age
53:18 Hand Cart
53:03 Town Patrol
54:57 Medium Warships
57:31 Halberdier
60:44 Chemistry
60:05 Ballistics
59:35 Heated Shot
59:25 Onager
betito_killer
5:28 Loom
22:17 Feudal Age
23:27 Stone Mining
23:27 Gold Mining
23:26 Town Watch
24:31 Double-Bit Axe
25:26 Wheelbarrow
32:01 Castle Age
33:09 Town Patrol
33:26 Hand Cart
32:33 Man-at-Arms
33:14 Squires
32:59 Gambesons
33:54 Gold Shaft Mining
33:46 Bow Saw
33:15 Pikeman
33:16 Long Swordsman
35:34 Husbandry
35:48 Forging
35:38 Scale Mail Armor
35:43 Scale Barding Armor
37:10 Iron Casting
36:42 Scale Barding Armor
38:02 Chain Mail Armor
39:25 Fortified Wall
40:13 Murder Holes
40:32 Treadmill Crane
41:04 Masonry
45:52 Padded Archer Armor
45:43 Fletching
45:59 Scale Barding Armor
50:08 Ballistics
51:35 Iron Casting
51:15 Chain Mail Armor
51:20 Chain Barding Armor
50:56 Bodkin Arrow
54:59 Leather Archer Armor
54:05 Ordonnance Companies
55:56 Leather Archer Armor
59:59 Imperial Age
61:20 Hoardings
61:06 Conscription
60:48 Chivalry
61:11 Conscription
seniordavid21
3:50 Loom
13:48 Wheelbarrow
15:49 Double-Bit Axe
17:15 Horse Collar
20:42 Feudal Age
20:52 Feudal Age
22:13 Feudal Age
22:57 Gold Mining
23:03 Stone Mining
27:03 Hand Cart
27:26 Gold Shaft Mining
27:03 Bow Saw
27:49 Town Watch
28:01 Fishing Lines
28:40 Forging
28:31 Scale Mail Armor
30:45 Castle Age
30:00 Gillnets
30:58 Man-at-Arms
31:23 Arson
32:32 Fletching
33:16 Long Swordsman
41:26 Scale Barding Armor
45:41 Bodkin Arrow
46:33 Ballistics
46:27 Masonry
46:07 Crossbowman
47:18 Squires
48:34 Burgundian Vineyards
49:42 Chain Barding Armor
52:56 Heavy Plow
53:55 Iron Casting
53:36 Chain Mail Armor
53:37 Pikeman
ASTHAROTH
Connection lost

Rejoining the realm…

Still unreachable

The connection could not be restored.

Session expired

The server has moved on; the page needs a fresh start.